Map: [ESL] Alcyone

Players

Reynor

  • Race: Zerg Zerg
  • Spawn Location: 7:00

Harstem - Winner!

  • Race: Protoss Protoss
  • Spawn Location: 1:00

Event: ESL SC2 Masters 2023 Winter (Regional)

VOD

Have the link to the VOD?

Description

Time

  • Played on: Nov. 10, 2023, 9:01 a.m.
  • Length: 12:26

All games in this series

Show
View Real Time Build Order
Export as new Build Order

Reynor Zerg 

Build Orders: Hatch First 

Get SALT Encoding   

  12  0:00  Drone  
  13  0:12  Overlord  
  13  0:16  Drone  
  14  0:30  Drone x2  
  16  0:43  Drone  
  17  0:50  Hatchery  
  17  0:54  Drone  
  17  0:57  Drone  
  18  1:07  Extractor  
  17  1:11  Spawning Pool  
  17  1:15  Drone  
  17  1:19  Drone  
  18  1:27  Drone  
  19  1:38  Drone  
  20  1:49  Overlord  
  20  1:58  Queen  
  22  2:03  Drone x2, Queen  
  26  2:12  Zergling x2, Metabolic Boost  
  26  2:13  Zergling x2  
  28  2:21  Drone  
  29  2:24  Drone  
  30  2:37  Drone, Hatchery  
  30  2:38  Zergling x2  
  31  2:45  Drone  
  31  2:46  Overlord  
  32  2:51  Queen  
  32  2:56  Drone  
  35  2:59  Drone  
  36  3:06  Queen  
  36  3:10  Overlord  
  36  3:12  Drone  
  39  3:13  Drone x2  
  39  3:15  Drone  
  39  3:17  Drone  
  43  3:23  Zergling x2  
  44  3:28  Queen  
  44  3:30  Zergling x2  
  44  3:33  Overlord  
  47  3:39  Drone  
  48  3:42  Spore Crawler  
  48  3:43  Drone  
  48  3:44  Drone  
  48  3:47  Drone x2  
  51  3:49  Queen  
  51  3:50  Drone  
  51  3:54  Drone  
  55  3:58  Drone  
  55  3:59  Queen  
  55  4:01  Drone  
  55  4:02  Drone  
  60  4:07  Drone x2  
  60  4:09  Drone  
  62  4:11  Drone x2  
  62  4:15  Overlord  
  64  4:20  Drone x2  
  66  4:27  Drone  
  66  4:29  Drone  
  66  4:32  Spore Crawler  
  66  4:35  Drone x5  
  66  4:37  Extractor  
  66  4:38  Roach Warren  
  68  4:40  Overlord  
  68  4:42  Drone  
  68  4:43  Drone  
  68  4:44  Drone  
  71  4:49  Zergling x2  
  71  4:51  Overlord  
  72  4:54  Drone  
  72  4:59  Evolution Chamber  
  72  5:00  Zergling x4  
  72  5:01  Overlord  
  72  5:03  Queen  
  72  5:04  Overlord  
  76  5:13  Overlord  
  76  5:18  Roach x6  
  76  5:19  Drone x2  
  76  5:20  Drone  
  91  5:26  Roach  
  89  5:29  Roach  
  89  5:30  Zergling x4, Roach  
  92  5:35  Zerg Melee Weapons Level 1  
  92  5:38  Drone x3  
  92  5:42  Drone x3  
  94  5:44  Drone  
  94  5:45  Drone, Hatchery  
  94  5:48  Drone  
  96  5:50  Spore Crawler  
  96  5:53  Lair  
  96  5:54  Drone  
  96  5:56  Drone x2  
  98  5:58  Drone  
  98  6:00  Drone x2  
  98  6:02  Drone, Extractor  
  98  6:03  Extractor  
  100  6:06  Overlord  
  100  6:08  Drone x2  
  100  6:11  Drone x2  
  104  6:17  Overlord  
  104  6:22  Drone x6  
  104  6:23  Spore Crawler  
  104  6:25  Baneling Nest  
  108  6:28  Zergling x6, Extractor x2  
  108  6:29  Zergling x2  
  108  6:30  Queen  
  112  6:33  Ravager x3  
  112  6:34  Zergling x2  
  112  6:38  Drone x3  
  112  6:39  Drone  
  121  6:40  Drone  
  121  6:43  Zergling x2  
  122  6:47  Drone x3  
  122  6:50  Overlord  
  122  6:52  Zergling x2  
  126  6:55  Zergling x6  
  126  6:57  Zergling x2, Drone  
  131  7:02  Zergling x4  
  131  7:04  Glial Reconstitution  
  131  7:05  Overlord  
  131  7:08  Zergling x2  
  134  7:13  Zergling x4  
  136  7:16  Drone  
  136  7:19  Zergling x2, Overlord  
  136  7:20  Zergling x4  
  136  7:22  Zergling x2  
  141  7:24  Centrifugal Hooks  
  141  7:25  Hatchery  
  141  7:26  Zergling x4, Roach  
  144  7:31  Zerg Melee Weapons Level 2  
  144  7:32  Zergling x2, Roach x2  
  144  7:35  Queen  
  144  7:36  Overlord  
  151  7:40  Zergling x4, Roach x2  
  151  7:41  Overlord  
  151  7:42  Pneumatized Carapace  
  156  7:52  Zergling x2, Roach  
  156  7:54  Overlord  
  156  7:56  Zergling x12, Roach x2  
  167  8:03  Zergling x2, Roach x2  
  167  8:04  Zergling x2  
  167  8:07  Zergling x4  
  167  8:10  Zergling x6  
  172  8:14  Queen  
  172  8:15  Overlord  
  172  8:17  Zergling x4  
  176  8:20  Zergling x8  
  176  8:21  Overlord  
  176  8:24  Ravager x2  
  182  8:28  Baneling  
  182  8:29  Baneling x33  
  182  8:31  Zergling x2  
  182  8:32  Overlord  
  183  8:37  Zergling x14  
  183  8:38  Zergling x6  
  183  8:40  Zergling x2  
  190  8:46  Zergling x6  
  190  8:47  Zergling x6  
  193  9:06  Baneling x5  
  193  9:07  Baneling x19  
  193  9:08  Zergling x14  
  197  9:28  Zergling x12  
  170  9:40  Zergling x26, Roach  
  170  9:41  Zergling x2, Roach  
  170  9:45  Roach x2  
  174  9:47  Zergling x6  
  174  9:50  Zergling x2, Roach x2  
  154  9:53  Roach x2  
  154  9:56  Queen  
  154  9:57  Queen  
  154  10:02  Roach x3  
  154  10:04  Roach x4  
  154  10:05  Queen  
  158  10:08  Roach  
  158  10:13  Zergling x8  
  160  10:15  Zergling x2  
  160  10:17  Zergling x6  
  160  10:18  Ravager x6  
  160  10:19  Baneling x13  
  160  10:20  Baneling  
  170  10:22  Baneling x8  
  170  10:24  Zergling x8  
  171  10:30  Zergling x8  
  171  10:33  Zergling x4  
  178  10:36  Zergling x2  
  178  10:37  Zergling x6  
  178  10:39  Zergling x2  
  183  10:44  Zergling x8  
  183  10:45  Zergling x2  
  185  10:51  Zergling x6  
  185  10:53  Zergling x2  
  189  10:57  Baneling x5  
  189  10:58  Zergling x2, Baneling x15  
  189  10:59  Zergling x10  
  189  11:03  Zergling x2  
  194  11:05  Zergling x4  
  194  11:07  Baneling x6  
  194  11:08  Zergling x2  
  196  11:13  Zergling x6  
  198  11:19  Zergling x4  
  198  11:20  Zergling x4  
  181  11:32  Zergling x2  
  181  11:33  Zergling x20  
  181  11:36  Zergling x6  
  187  11:46  Zergling x8  
  185  11:49  Baneling x15  
  185  11:50  Baneling x13  
  185  11:54  Zergling x4  
  185  11:57  Zergling x4  
  185  11:58  Zergling x4  
  185  12:01  Zergling x2  
  190  12:06  Zergling x2  
  191  12:09  Zergling x6  
Show
View Real Time Build Order
Export as new Build Order

Harstem Protoss - Winner!

Build Orders: 1 Gate Expand, Oracle Opening, Archon Immortal 

Get SALT Encoding   

  12  0:00  Probe  
  13  0:12  Probe  
  14  0:19  Pylon  
  14  0:24  Probe  
  15  0:37  Probe (Chrono Boost)  
  15  0:40  Gateway  
  16  0:46  Probe (Chrono Boost)  
  17  0:51  Assimilator, Probe  
  18  1:03  Probe  
  19  1:15  Probe  
  20  1:26  Nexus  
  20  1:37  Cybernetics Core  
  20  1:39  Probe  
  21  1:45  Assimilator  
  21  1:51  Probe  
  22  1:55  Pylon  
  22  2:04  Probe (Chrono Boost)  
  23  2:10  Adept (Chrono Boost)  
  25  2:16  Probe (Chrono Boost)  
  25  2:20  Stargate  
  26  2:25  Probe (Chrono Boost)  
  27  2:30  Probe  
  27  2:35  Warp Gate  
  28  2:37  Adept  
  28  2:39  Probe (Chrono Boost)  
  32  2:48  Probe (Chrono Boost)  
  32  2:50  Probe (Chrono Boost)  
  33  2:55  Probe x2 (Chrono Boost)  
  35  3:02  Oracle (Chrono Boost)  
  38  3:06  Probe x2  
  38  3:11  Adept  
  42  3:15  Pylon  
  42  3:18  Probe  
  44  3:20  Probe  
  44  3:24  Gateway  
  44  3:30  Probe  
  44  3:31  Oracle (Chrono Boost)  
  44  3:32  Probe  
  49  3:41  Pylon  
  49  3:44  Probe  
  51  3:50  Nexus  
  51  3:52  Probe  
  51  3:56  Probe  
  51  4:01  Assimilator  
  52  4:04  Oracle, Probe  
  56  4:12  Probe (Chrono Boost)  
  56  4:16  Probe (Chrono Boost), Pylon  
  58  4:18  Assimilator  
  59  4:28  Probe x2 (Chrono Boost)  
  60  4:32  Probe (Chrono Boost)  
  60  4:34  Forge  
  60  4:35  Probe  
  60  4:37  Stalker  
  64  4:41  Oracle, Pylon  
  68  4:47  Probe  
  68  4:48  Gateway  
  68  4:50  Gateway, Probe  
  70  5:01  Probe (Chrono Boost)  
  70  5:02  Probe (Chrono Boost)  
  70  5:05  Twilight Council, Probe (Chrono Boost)  
  70  5:06  Robotics Facility  
  72  5:10  Stalker  
  72  5:11  Stalker  
  77  5:18  Probe x2 (Chrono Boost)  
  77  5:20  Shield Battery  
  78  5:33  Zealot  
  76  5:35  Probe  
  76  5:36  Probe x2  
  76  5:42  Charge (Chrono Boost)  
  79  5:48  Stalker x2, Probe  
  86  5:50  Shield Battery, Stalker  
  86  5:55  Shield Battery, Immortal (Chrono Boost)  
  88  6:00  Pylon  
  88  6:01  Oracle, Pylon  
  93  6:06  Pylon  
  93  6:15  Photon Cannon, Protoss Ground Weapons Level 1 (Chrono Boost)  
  93  6:18  Probe x3  
  96  6:19  Stalker, Pylon  
  98  6:30  Probe x3  
  101  6:37  Assimilator  
  101  6:39  Gateway  
  101  6:42  Probe x3  
  101  6:43  Assimilator, Templar Archives  
  104  6:47  Immortal (Chrono Boost)  
  104  6:49  Gateway  
  104  6:53  Pylon  
  108  6:54  Probe  
  109  7:08  Zealot x3  
  115  7:15  Nexus, Pylon  
  115  7:16  Observer (Chrono Boost)  
  115  7:18  Zealot  
  118  7:26  Probe  
  116  7:32  High Templar x2  
  116  7:33  High Templar  
  116  7:34  High Templar  
  116  7:36  Probe  
  129  7:40  Archon, Probe  
  129  7:41  Probe  
  129  7:43  Pylon  
  131  7:45  Archon, Warp Prism (Chrono Boost)  
  131  7:46  Shield Battery  
  131  7:47  Zealot x2  
  131  7:48  Photon Cannon  
  133  7:51  Assimilator  
  133  7:53  Psionic Storm  
  133  7:55  Assimilator  
  131  8:03  Probe x2  
  131  8:05  High Templar x2  
  137  8:06  Probe  
  137  8:08  Gateway  
  137  8:10  Photon Cannon  
  137  8:11  Gateway  
  137  8:12  Zealot x3  
  144  8:13  Pylon  
  144  8:14  Protoss Ground Weapons Level 2 (Chrono Boost)  
  144  8:15  Probe x2  
  144  8:16  Phoenix (Chrono Boost)  
  148  8:21  Probe  
  149  8:29  High Templar  
  151  8:37  High Templar  
  151  8:39  Probe  
  150  8:49  High Templar, Zealot x3  
  150  8:50  Probe  
  150  8:53  Gateway, Photon Cannon  
  150  8:54  Shield Battery, Pylon  
  150  8:55  Gateway  
  148  9:03  Zealot x2  
  148  9:04  Immortal (Chrono Boost)  
  148  9:07  Probe  
  157  9:10  Pylon  
  157  9:13  High Templar x4, Pylon  
  165  9:18  Archon x2  
  156  9:33  Zealot x4  
  156  9:36  Immortal  
  160  9:44  Archon  
  133  9:47  Zealot x5  
  133  9:50  Zealot  
  137  9:54  Zealot x4  
  146  10:04  Probe (Chrono Boost)  
  146  10:05  Probe (Chrono Boost)  
  143  10:09  High Templar x4, Probe (Chrono Boost)  
  143  10:11  Fleet Beacon  
  143  10:13  Stargate  
  143  10:14  Immortal (Chrono Boost)  
  143  10:19  Photon Cannon  
  143  10:21  Shield Battery, Probe x2  
  147  10:24  High Templar x2, Photon Cannon  
  147  10:26  Zealot x3  
  147  10:27  Zealot, Pylon  
  159  10:33  Archon  
  159  10:39  Probe  
  159  10:40  Pylon  
  160  10:45  Observer (Chrono Boost)  
  160  10:47  Zealot x2  
  160  10:48  Zealot x6  
  177  10:50  Carrier (Chrono Boost)  
  187  11:14  Carrier (Chrono Boost)  
  187  11:15  Zealot x4  
  193  11:19  Immortal (Chrono Boost)  
  195  11:32  Stargate  
  181  11:35  Photon Cannon  
  181  11:37  High Templar x2  
  183  11:42  Archon  
  183  11:43  High Templar x2  
  183  11:44  Zealot x5  
  195  11:48  Archon  
  195  12:03  Zealot  
  195  12:07  High Templar  
  199  12:20  Archon x2  
  183  12:22  Zealot  
  183  12:23  Zealot x4  
Tags
 
Add a new tag
Caveats
  • Supply blocks, unpowered buildings, or Contaminate may cause inaccurate times.
  • Supply counts are checked every 10 seconds.